 Dungeon Crawl Stone Soup version 0.26-a0-651-gb41185065b (webtiles) character file.

Game seed: 1561000807557562793

3001 kae the Grappler (level 9, 0/64 HPs)
             Began as a Pale Draconian Transmuter on Oct 23, 2020.
             Was a Believer of Wu Jian.
             Slain by a gargoyle
             ... wielding a +0 mace
              (13 damage)
             ... on level 10 of the Dungeon.
             The game lasted 00:05:55 (9788 turns).

kae the Grappler (Pale Draconian Transmuter)        Turns: 9788, Time: 00:05:55

Health: 0/64       AC:  2    Str: 16    XL:     9   Next: 54%
Magic:  10/12      EV: 19    Int: 20    God:    Wu Jian [**....]
Gold:   263        SH:  0    Dex: 16    Spells: 6/12 levels left

rFire    . . .     SeeInvis .     - Unarmed
rCold    . . .     Faith    .   (shield currently unavailable)
rNeg     . . .     Spirit   .   (armour unavailable)
rPois    x         Reflect  .   (helmet currently unavailable)
rElec    .         Harm     .   (cloak currently unavailable)
rCorr    .         Rampage  .   (gloves currently unavailable)
MR       .....                  (boots currently unavailable)
Stlth    +.........             j - amulet of the acrobat
HPRegen  0.20/turn              d - +6 ring of intelligence
MPRegen  0.13/turn              w - +4 ring of slaying

@: short of breath, spider-form (expiring)
A: tiny, (breathe steam), unfitting armour, AC +7
a: End Transformation, Wall Jump, Renounce Religion


You were on level 10 of the Dungeon.
You worshipped Wu Jian.
Wu Jian was pleased with you.
You were a venomous arachnid creature.
You visited 1 branch of the dungeon, and saw 10 of its levels.

You collected 422 gold pieces.
You spent 159 gold pieces at shops.

Inventory:

Armour
 b - a +1 cloak (melded)
 f - a +2 pair of boots (melded)
Jewellery
 d - a +6 ring of intelligence (left front leg)
 i - an uncursed ring of resist corrosion
 j - an amulet of the acrobat (around neck)
 n - an uncursed amulet of magic regeneration
 w - a +4 ring of slaying (right front leg)
Wands
 t - a wand of flame (14)
 v - a wand of paralysis (10)
 y - a wand of random effects (25)
Scrolls
 e - a scroll of remove curse
 g - 3 scrolls of blinking
 l - 2 scrolls of fear
 p - 3 scrolls of teleportation
 q - 2 scrolls of identify
 r - 2 scrolls of enchant armour
 z - 2 scrolls of magic mapping
Potions
 a - 4 potions of resistance
 c - 4 potions of degeneration
 h - a potion of might
 k - 6 potions of curing
 m - 5 potions of haste
 o - 2 potions of magic
 s - 2 potions of ambrosia
 u - a potion of flight
 x - a potion of cancellation
 B - a potion of brilliance


   Skills:
 - Level 1.1 Fighting
 - Level 1.7 Dodging
 * Level 11.2 Unarmed Combat
 - Level 2.0 Spellcasting
 + Level 8.0 Transmutations


You had 6 spell levels left.
You knew the following spells:

 Your Spells              Type           Power        Failure   Level
a - Beastly Appendage     Tmut           ####..       3%          1
b - Wereblood             Tmut           ####....     4%          2
c - Spider Form           Tmut/Pois      ###.......   22%         3

Your spell library contained the following spells:

 Spells                   Type           Power        Failure   Level
 Blade Hands              Tmut           ####......   34%         5
 Ice Form                 Ice/Tmut       ###.....     52%         4


Dungeon Overview and Level Annotations

Branches:
Dungeon (10/15)            Temple (0/1) D:6
   Lair: D:8-11         Orc: D:9-12

Altars:
Ashenzari
Cheibriados
Dithmenos
Uskayaw
Wu Jian
Zin

Shops:
D:4 ?   D:8 *

Annotations:
D:3 2 runed translucent doors, harkrass's ghost, amateur MiFi


Innate Abilities, Weirdness & Mutations

((You can breathe blasts of scalding, opaque steam.))
((Your pale cyan-grey scales are hard. (AC +7)))
You cannot fit into any form of body armour.
((You are cold-blooded and may be slowed by cold attacks.))


Message History

The gargoyle is almost destroyed.
The gargoyle hurls a stone arrow at you.
The stone arrow hits you!!
Ouch! That really hurt!
You barely miss the gargoyle.
The gargoyle is almost destroyed.
The gargoyle hurls a stone arrow at you.
The stone arrow hits you!
* * * LOW HITPOINT WARNING * * *
You hit the gargoyle.
The gargoyle is almost destroyed.
Okay, then.
You barely miss the gargoyle.
The gargoyle is almost destroyed.
The gargoyle hurls a stone arrow at you.
The stone arrow misses you.
You hit the gargoyle but do no damage.
The gargoyle is almost destroyed.
The gargoyle hits you with a +0 mace!
You die...

#.... #.......#
#..... #.......#
..... ........#
.... #.......#
#..# #9......#
#.#..# #.......#
#.#..####."..####
#.#...s9.........
#.##.############
#.##.#
#.##.#######
#.##........
#<..........
#.#.........
#.#.........
............


You could see a gargoyle.

Vanquished Creatures
  2 hippogriffs
  A water moccasin (D:6)
  4 sky beasts
  3 ogres (D:8)
  A phantom (D:8)
  3 ice beasts
  A centaur (D:8)
  A crocodile (D:8)
  A big kobold (D:8)
  4 bullfrogs
  A scorpion (D:9)
  3 wights (D:9)
  A howler monkey (D:8)
  An orc priest (D:6)
  4 hounds
  A quasit (D:7)
  4 bullfrog skeletons
  6 orc wizards
  Jessica (D:2)
  Natasha (thrice) (D:3)
  3 iguanas
  A hound zombie (D:8)
  4 gnolls (D:7)
  9 adders
  2 shadow imps
  4 white imps
  An ufetubus (D:9)
  An adder skeleton (D:5)
  A worm (D:2)
  4 dart slugs
  4 leopard geckos
  14 orcs
  5 bats
  3 giant cockroaches
  3 goblins
  4 hobgoblins
  7 jackals (D:3)
  9 kobolds
  2 quokkas
  A ball python (D:3)
  6 frilled lizards
  A jackal zombie (D:8)
  2 quokka skeletons
  A quokka zombie (D:8)
  7 rats
145 creatures vanquished.

Notes
Turn   | Place    | Note
-------+----------+-------------------------------------------
     0 | D:1      | kae the Draconian Transmuter began the quest for the Orb.
     0 | D:1      | Reached XP level 1. HP: 16/16 MP: 3/3
   247 | D:1      | Reached XP level 2. HP: 19/23 MP: 3/5
   319 | D:1      | Learned a level 2 spell: Wereblood
  1048 | D:2      | Reached XP level 3. HP: 28/28 MP: 6/6
  1164 | D:1      | Learned a level 3 spell: Spider Form
  1241 | D:2      | Noticed Jessica
  1252 | D:2      | Killed Jessica
  1252 | D:2      | Reached skill level 4 in Unarmed Combat
  1347 | D:2      | Found a snail-covered altar of Cheibriados.
  1433 | D:2      | Reached XP level 4. HP: 26/35 MP: 5/7
  1816 | D:3      | Noticed Natasha
  1822 | D:3      | Killed Natasha
  1833 | D:3      | Noticed Natasha
  1857 | D:3      | Killed Natasha
  2669 | D:3      | Reached skill level 5 in Unarmed Combat
  2675 | D:3      | Reached XP level 5. HP: 39/40 MP: 5/8
  2792 | D:3      | Found a large runed translucent door.
  2792 | D:3      | Found a large runed translucent door.
  2793 | D:3      | Noticed harkrass's ghost (amateur MiFi)
  2956 | D:3      | Noticed Natasha
  2966 | D:3      | Killed Natasha
  3385 | D:4      | Found a broken altar of Ashenzari.
  3410 | D:4      | Found a hide-covered altar of Uskayaw.
  3410 | D:4      | Found a shadowy altar of Dithmenos.
  3411 | D:4      | Found an ornate altar of the Wu Jian Council.
  3430 | D:4      | Became a worshipper of the Wu Jian Council
  3620 | D:4      | Reached XP level 6. HP: 40/47 MP: 5/9
  3693 | D:4      | Found Caet's Magic Scroll Shop.
  3730 | D:4      | Bought a scroll of identify for 28 gold pieces
  3730 | D:4      | Bought a scroll of identify for 28 gold pieces
  3730 | D:4      | Bought a scroll of identify for 28 gold pieces
  3730 | D:4      | Bought a scroll of fear for 49 gold pieces
  3769 | D:4      | Reached skill level 6 in Unarmed Combat
  4022 | D:5      | Entered Level 5 of the Dungeon
  4086 | D:5      | Noticed a sky beast
  4097 | D:5      | Killed a sky beast
  4190 | D:5      | Your scales start taking on a pale cyan-grey colour.
  4190 | D:5      | Reached XP level 7. HP: 42/52 MP: 8/10
  4557 | D:5      | Reached skill level 7 in Unarmed Combat
  4697 | D:5      | Reached skill level 5 in Transmutations
  5328 | D:5      | Reached * piety under Wu Jian
  5780 | D:6      | Reached skill level 8 in Unarmed Combat
  5861 | D:6      | Reached XP level 8. HP: 55/59 MP: 7/11
  6065 | D:6      | Found a staircase to the Ecumenical Temple.
  6551 | D:7      | Found a glowing silver altar of Zin.
  6956 | D:7      | Noticed a hippogriff
  6965 | D:7      | Killed a hippogriff
  6965 | D:7      | Reached skill level 9 in Unarmed Combat
  7720 | D:8      | Noticed a hippogriff
  7724 | D:8      | Killed a hippogriff
  7773 | D:8      | Found Jautomoh's General Store.
  7778 | D:8      | Bought a scroll of identify for 26 gold pieces
  7973 | D:8      | Reached skill level 10 in Unarmed Combat
  8015 | D:8      | Reached XP level 9. HP: 64/64 MP: 8/12
  9106 | D:9      | Reached ** piety under Wu Jian
  9450 | D:9      | Reached skill level 11 in Unarmed Combat
  9665 | D:10     | Entered Level 10 of the Dungeon
  9771 | D:10     | Noticed a gargoyle
  9788 | D:10     | Slain by a gargoyle

Illustrated notes

Levels and vault maps discovered:
D:1:      ncdulo_halloftheorcs, layout_basic
D:2:      layout_rooms, cheibriados_altar_1, ebering_dispersal_statue_hall,
          uniq_jessica
D:3:      layout_loops_corners, ebering_ghost_disaster_area, uniq_natasha
D:4:      layout_basic, chequers_temple_overflow_statue_of_worship,
          serial_shops, nicolae_shop_window_shopping
D:5:      layout_loops_ring, hangedman_decor_riveting, corexii_leaking_fountain
D:6:      layout_cave_pools, minmay_temple_entry_sparse_star,
          serial_column_ruins, column_ruins_open_small_water,
          column_ruins_columns_straight, column_ruins_grid_2,
          column_ruins_corridor_corner, column_ruins_corridor_straight,
          column_ruins_grid_1
D:7:      layout_gridville, lemuel_doored_altar, palyth_stone_intersect
D:8:      layout_loops_corners, serial_shops, nicolae_shop_statue_plus,
          grunt_tough_drop
D:9:      layout_long_grid
D:10:     layout_basic, lair_entry_dummy, basic_altar

Skill      XL: |  1  2  3  4  5  6  7  8  9 |
---------------+----------------------------+-----
Unarmed Combat | 4 5 6 8 10 11 | 11.2
Transmutations | 3 4 5 7 8 |  8.0
Fighting       | |  1.1
Dodging        | |  1.7
Spellcasting   | |  2.0

Action                   |  1- 3 |  4- 6 |  7- 9 || total
-------------------------+-------+-------+-------++-------
Melee: Unarmed           |    85 |   167 |   206 ||   458
       Headbutt          |     8 |     7 |     1 ||    16
       Kick              |     8 |    13 |     4 ||    25
       Tailslap          |     8 |     5 |    11 ||    24
       Punch             |     1 |     3 |     2 ||     6
 Cast: Beastly Appendage |    17 |    18 |     6 ||    41
       Spider Form       |     1 |     7 |    30 ||    38
Invok: Lunge             |       |     3 |     9 ||    12
       Whirlwind         |       |       |     1 ||     1
 Abil: Breathe Steam     |       |       |    18 ||    18
  Use: Scroll            |       |    12 |    11 ||    23
       Potion            |       |       |     1 ||     1
Armor: Skin              |    36 |    43 |    32 ||   111
Dodge: Dodged            |    61 |   109 |   196 ||   366

Table legend: (Time is in decaauts)
 A = Elapsed time spent in this place.
 B = Non-inter-level travel time spent in this place.
 C = Inter-level travel time spent in this place.
 D = Time resting spent in this place.
 E = Time spent auto-exploring this place.
 F = Levels seen in this place.
 G = Mean time per level.
                   A        B        C        D        E       F      G
               +--------+--------+--------+--------+--------+-----+--------+
         Total |   9742 |   9470 |    272 |   1037 |   7369 |  10 |  974.2 |
       Dungeon |   9742 |   9470 |    272 |   1037 |   7369 |  10 |  974.2 |
               +--------+--------+--------+--------+--------+-----+--------+

Top non-repeatable levels by time:
     D:5: 1714 daAuts
     D:3: 1555 daAuts
     D:8: 1366 daAuts
     D:1: 1153 daAuts
     D:7: 1110 daAuts
     D:9: 818 daAuts
     D:4: 683 daAuts
     D:2: 615 daAuts
     D:6: 606 daAuts
    D:10: 119 daAuts
